 Dungeon Crawl Stone Soup version 0.29.0-4-gdea44cf6ec (webtiles) character file.

Game seed: 4072481217359115495

23 qw the Chopper (level 2, -3/17 HPs)
             Began as a Tengu Warper on Aug 28, 2022.
             Slain by a worm (10 damage)
             ... on level 2 of the Dungeon.
             The game lasted 00:00:05 (1435 turns).

qw the Chopper (Tengu Warper)                       Turns: 1435, Time: 00:00:06

Health: -3/17      AC:  4    Str: 11    XL:     2   Next: 95%
Magic:  6/6        EV: 11    Int: 13    God:
Gold:   45         SH:  0    Dex: 13    Spells: 5/5 levels left

rFire   . . .      SeeInvis .   Y - +0 hand axe
rCold   . . .      Faith    .   (no shield)
rNeg    . . .      Spirit   .   b - +0 leather armour
rPois   .          Reflect  .   (helmet restricted)
rElec   .          Harm     .   (no cloak)
rCorr   .          Rampage  .   m - +0 pair of gloves
Will    .....                   (boots unavailable)
Stlth   +.........              (no amulet)
HPRegen 0.05/turn               (no ring)
MPRegen 0.10/turn               (no ring)

@: no status effects
A: beak, talons 3
a: no special abilities


You were on level 2 of the Dungeon.
You visited 1 branch of the dungeon, and saw 2 of its levels.

You collected 45 gold pieces.


Innate Abilities, Weirdness & Mutations

You have a beak for a mouth.
You have claws for feet.


   Skills:
 - Level 2.0 Fighting
 + Level 3.7 Axes
 - Level 1.0 Throwing
 - Level 1.1 Armour
 - Level 2.1 Dodging
 - Level 2.0 Spellcasting
 - Level 2.4 Translocations


You had 5 spell levels left.
You didn't know any spells.
Your spell library contained the following spells:

 Spells                   Type           Power      Damage    Failure   Level
 Blink                    Tloc           14%        N/A       19%         2
 Gell's Gravitas          Tloc           7%         N/A       36%         3
 Lesser Beckoning         Tloc           7%         N/A       36%         3
 Teleport Other           Tloc           7%         N/A       36%         3
 Manifold Assault         Tloc           7%         N/A       98%         5

Inventory:

Hand Weapons
 j - a +0 club
 Y - a +0 hand axe (weapon)
Armour
 b - a +0 leather armour (worn)
 m - a +0 pair of gloves (worn)
Scrolls
 a - a scroll of identify
Potions
 f - a potion of haste
 h - a potion of degeneration {unknown}
 i - a potion of might {unknown}
 k - a potion of heal wounds {unknown}
 l - a potion of curing {unknown}
 n - a potion of mutation {unknown}

Dungeon Overview and Level Annotations

Branches:
Dungeon (2/15)

Altars:


Message History

There is a stone staircase leading down here.
You closely miss the giant cockroach.
You claw the giant cockroach, but do no damage.
Your peck misses the giant cockroach. The giant cockroach barely misses you.
You hit the giant cockroach but do no damage.
The giant cockroach bites you but does no damage.
The giant cockroach waves its antennae.
The giant cockroach bites you.
You hit the giant cockroach but do no damage.
Your kick misses the giant cockroach. The giant cockroach misses you.
You hit the giant cockroach. Your kick misses the giant cockroach.
You peck the giant cockroach, but do no damage.
The giant cockroach is heavily wounded.
The giant cockroach misses you.
You hit the giant cockroach.
You kill the giant cockroach!
You start resting.
HP restored.
Done exploring.
(D) Dungeon
Where to? (* - list waypoints, Enter - D:2, ? - help)
What level of the Dungeon? (default 1, ? - help)
You climb downwards.
There is a stone staircase leading up here.
A worm is nearby!
You hit the worm. You claw the worm. You punch the worm.
The worm is moderately wounded.
You completely miss the worm. You claw the worm, but do no damage.
The worm is moderately wounded.
The worm bites you!
Ouch! That really hurt!
You hit the worm. You claw the worm!
The worm is almost dead.
You hit the worm. You claw the worm, but do no damage. You peck the worm.
The worm is almost dead.
The worm bites you!
Ouch! That really hurt!
You die...

... .. .. .#
.. .# # .
.#># #. .#.#
##(##...####
#...w......#
#..@.......
#..........
#..).......
#..........
#..........
#.....#...#
#.#########
+.


You could see a worm.

Vanquished Creatures
  3 endoplasms (D:1)
  2 giant cockroaches (D:1)
  2 goblins (D:1)
  A hobgoblin (D:1)
  5 jackals (D:1)
  2 quokkas (D:1)
  A bat (D:1)
  2 frilled lizards (D:1)
18 creatures vanquished.

Notes
Turn   | Place    | Note
-------+----------+-------------------------------------------
     0 | D:1      | qw the Tengu Warper began the quest for the Orb.
     0 | D:1      | Reached XP level 1. HP: 12/12 MP: 4/4
     0 | D:1      | 0 ||| qw: Version: 0.1-a-89-g26bdef1
     0 | D:1      | 0 ||| qw: Game counter: 1164
     0 | D:1      | 0 ||| qw: Always use a shield: true
     0 | D:1      | 0 ||| qw: God list: Okawaru
     0 | D:1      | 0 ||| qw: Allow faded altars: false
     0 | D:1      | 0 ||| qw: Do Orc after D:15 true
     0 | D:1      | 0 ||| qw: Do second Lair branch before Depths: true
     0 | D:1      | 0 ||| qw: Lair rune preference: random
     0 | D:1      | 0 ||| qw: Plans: Normal
     0 | D:1      | 0 ||| PLANNING D:1-11
   175 | D:1      | HP: 2/12 [goblin/+0 dagger (2)]
   178 | D:1      | Reached skill level 3 in Axes
   178 | D:1      | Reached XP level 2. HP: 3/17 MP: 6/6
   618 | D:1      | 618 ||| Stepping ~*~*~tactically~*~*~ (stealth).
   622 | D:1      | 622 ||| Stepping ~*~*~tactically~*~*~ (stealth).
   623 | D:1      | 623 ||| Stepping ~*~*~tactically~*~*~ (stealth).
   628 | D:1      | 628 ||| Stepping ~*~*~tactically~*~*~ (stealth).
  1016 | D:1      | 1016 ||| UPGRADING to +0 pair of gloves.
  1021 | D:1      | 1021 ||| READING 3 scrolls labelled SEPHIOHANWE.
  1022 | D:1      | 1022 ||| READING 2 scrolls labelled DASIAKK YPAOSH.
  1025 | D:1      | 1025 ||| READING scroll labelled IPNIPS SOEFIH.
  1026 | D:1      | 1026 ||| READING 2 scrolls of identify.
  1026 | D:1      | 1026 ||| IDENTIFYING pink potion
  1027 | D:1      | 1027 ||| DROPPING scroll of blinking.
  1047 | D:2      | 1047 ||| STAIRDANCE
  1090 | D:2      | 1090 ||| STAIRDANCE
  1101 | D:1      | HP: 3/17 [jackal (3)]
  1102 | D:1      | 1102 ||| READING scroll of teleportation.
  1407 | D:2      | 1407 ||| STAIRDANCE
  1435 | D:2      | Slain by a worm

Levels and vault maps discovered:
D:1:      nzn_arrival_settlement, layout_rooms, minivault_25, minmay_box_of_dots
D:2:      layout_rooms, shapermc_ecumenical_altar_mp_highgroup, serial_shops,
          nicolae_shop_crystal, shop_coins, shop, kennysheep_generic_room_16

Skill      XL: |  1 |
---------------+----+-----
Axes           | 3 |  3.7
Fighting       | |  2.0
Throwing       | |  1.0
Armour         | |  1.1
Dodging        | |  2.1
Spellcasting   | |  2.0
Translocations | |  2.4

Action                   || total
-------------------------++-------
Melee: Hand axe          ||    67
       Kick              ||    14
       Peck              ||     7
       Punch             ||     1
Throw: Boomerang         ||     7
  Use: Scroll            ||     5
Armor: Leather armour    ||    21
Dodge: Dodged            ||    47

Table legend:
 A = Non-vault XP
 B = Vault XP
 C = Vault XP percentage of total XP
 D = Non-vault monster count
 E = Vault monster count
 F = Vault count percentage of total count
                 A         B        C        D         E       F
            +---------+---------+-------+---------+---------+-------
      Total |      29 |       4 |  12.1 |      16 |       2 |  11.1
            +---------+---------+-------+---------+---------+-------
        D:1 |      29 |       4 |  12.1 |      16 |       2 |  11.1
            +---------+---------+-------+---------+---------+-------
